[ AOE2 MATCH · #493682533 ]
UnrankedHuns vs Mongols
Player's team · WIN
Rival team · LOSS
[ REPLAY ANALYSIS · EXTRACTED FROM THE RECORDED GAME ]
Feudal
10:06
Castle
23:13
Imperial
38:04
| APM avg | 87.1 |
| APM peak | 132 |
| eAPM avg | 47.9 |
| Villagers / military | 98 / 100 |
Focus
⚔️ 68.3% · 🌾 31.7%
Cavalry Archer ×81 · Scout Cavalry ×10 · Militia ×4 · Monk ×3 · Spearman ×2
Feudal
8:27
Castle
20:29
Imperial
—
| APM avg | 49.8 |
| APM peak | 88 |
| eAPM avg | 24.2 |
| Villagers / military | 91 / 80 |
Focus
⚔️ 40.1% · 🌾 59.9%
Cavalry Archer ×65 · Knight ×4 · Spearman ×3 · Scout Cavalry ×3 · Mangonel ×2 · Scorpion ×2
Match map
Initial resources + every placement click. Lines = walls · curves = elevation contours. ◆ gold · ⬟ stone · ● berries · ✦ relic · ◌ wall gap
Your base· Open — opponent sealed themselves in
Monkey Boy's base· ✓ Closed at 20:29 · 47t walls · no gate
Smoothed initial terrain · ◌ = detected wall gap · hover for details
Inputs per minute
— Dark_aoe - - Monkey Boy
Build order — Dark_aoe
First 150 of 341 actions detected
| 0:01 | Queue | Villager (Male) |
| 0:03 | Build | Palisade Wall |
| 0:19 | Queue | Villager (Male) ×3 |
| 1:27 | Queue | Villager (Male) |
| 1:55 | Queue | Villager (Male) |
| 2:16 | Build | Lumber Camp |
| 2:24 | Queue | Villager (Male) |
| 2:53 | Queue | Villager (Male) |
| 3:10 | Queue | Villager (Male) |
| 3:41 | Queue | Villager (Male) |
| 4:04 | Queue | Villager (Male) |
| 4:29 | Queue | Villager (Male) |
| 4:43 | Build | Barracks |
| 4:50 | Queue | Villager (Male) |
| 5:09 | Queue | Villager (Male) |
| 5:41 | Queue | Militia |
| 5:44 | Queue | Villager (Male) |
| 5:55 | Queue | Militia |
| 6:13 | Queue | Villager (Male) |
| 6:23 | Build | Mill |
| 6:37 | Queue | Villager (Male) |
| 7:03 | Build | Farm |
| 7:04 | Queue | Villager (Male) |
| 7:29 | Research | Loom |
| 7:54 | Research | Feudal Age |
| 8:56 | Build | Mining Camp |
| 9:21 | Queue | Militia |
| 9:23 | Queue | Militia |
| 9:34 | Queue | Villager (Male) |
| 10:06 | Age | Feudal Age |
| 10:21 | Queue | Spearman |
| 10:22 | Research | Man-at-Arms (upgrade) |
| 10:27 | Build | Watch Tower |
| 10:27 | Queue | Villager (Male) |
| 10:54 | Queue | Villager (Male) |
| 10:54 | Build | Stable |
| 10:56 | Research | Double-Bit Axe |
| 10:57 | Research | Horse Collar |
| 11:04 | Build | Palisade Wall |
| 11:05 | Build | Palisade Wall |
| 11:19 | Queue | Villager (Male) |
| 11:28 | Build | Farm |
| 11:29 | Build | Farm |
| 11:31 | Build | Farm |
| 11:42 | Queue | Villager (Male) |
| 11:54 | Build | Palisade Wall |
| 11:56 | Build | Palisade Wall |
| 12:01 | Queue | Villager (Male) |
| 12:02 | Queue | Scout Cavalry |
| 12:03 | Build | Farm |
| 12:07 | Build | Farm |
| 12:23 | Queue | Scout Cavalry |
| 12:26 | Build | Mining Camp |
| 12:27 | Build | Farm |
| 12:34 | Queue | Villager (Male) |
| 12:39 | Build | Farm |
| 12:53 | Queue | Villager (Male) |
| 13:02 | Build | Farm |
| 13:14 | Queue | Scout Cavalry |
| 13:24 | Build | Farm |
| 13:26 | Queue | Villager (Male) |
| 13:51 | Build | Watch Tower |
| 13:51 | Queue | Villager (Male) |
| 13:53 | Build | Palisade Wall |
| 13:54 | Build | Palisade Wall |
| 13:56 | Build | Palisade Wall |
| 14:02 | Queue | Scout Cavalry |
| 14:04 | Build | Farm |
| 14:08 | Build | Palisade Wall |
| 14:09 | Build | Palisade Wall |
| 14:13 | Queue | Villager (Male) |
| 14:18 | Build | Farm |
| 14:25 | Queue | Scout Cavalry |
| 14:31 | Build | Farm |
| 14:34 | Build | Palisade Wall |
| 14:37 | Build | Palisade Wall |
| 14:38 | Build | Palisade Wall |
| 14:39 | Queue | Villager (Male) |
| 15:00 | Queue | Villager (Male) |
| 15:01 | Build | Farm |
| 15:02 | Queue | Scout Cavalry |
| 15:14 | Build | Farm |
| 15:16 | Build | Farm |
| 15:22 | Build | Palisade Wall |
| 15:23 | Build | Palisade Wall |
| 15:24 | Queue | Villager (Male) |
| 15:38 | Build | Farm |
| 15:38 | Queue | Scout Cavalry |
| 15:54 | Queue | Villager (Male) |
| 16:10 | Queue | Scout Cavalry |
| 16:19 | Queue | Villager (Male) |
| 16:37 | Queue | Villager (Male) |
| 16:42 | Build | Watch Tower |
| 16:51 | Build | Farm |
| 16:52 | Build | Farm |
| 16:54 | Build | Farm |
| 17:08 | Queue | Villager (Male) |
| 17:17 | Queue | Scout Cavalry |
| 17:29 | Build | Farm |
| 17:30 | Research | Wheelbarrow |
| 17:43 | Build | Palisade Wall |
| 17:46 | Build | Palisade Wall |
| 17:59 | Build | Farm |
| 18:15 | Build | Blacksmith |
| 18:18 | Queue | Villager (Male) |
| 18:56 | Build | Watch Tower |
| 19:05 | Build | Watch Tower |
| 19:10 | Queue | Villager (Male) |
| 19:13 | Research | Scale Barding Armor |
| 19:28 | Build | Lumber Camp |
| 19:43 | Queue | Villager (Male) |
| 19:46 | Build | Mining Camp |
| 19:56 | Build | Palisade Wall |
| 19:57 | Build | Palisade Wall |
| 19:57 | Build | Palisade Wall |
| 19:57 | Build | Palisade Wall |
| 19:58 | Build | Palisade Wall |
| 20:05 | Queue | Villager (Male) |
| 20:09 | Build | Palisade Wall |
| 20:10 | Build | Palisade Wall |
| 20:31 | Research | Castle Age |
| 20:31 | Research | Castle Age |
| 20:34 | Research | Gold Mining |
| 20:36 | Build | Palisade Gate |
| 20:42 | Queue | Scout Cavalry |
| 20:43 | Queue | Spearman |
| 20:51 | Build | Archery Range |
| 21:09 | Build | Archery Range |
| 21:19 | Build | Palisade Wall |
| 21:20 | Build | Palisade Wall |
| 21:20 | Build | Palisade Wall |
| 21:21 | Build | Palisade Wall |
| 21:21 | Build | Palisade Wall |
| 21:21 | Build | Palisade Wall |
| 21:22 | Build | Palisade Wall |
| 21:30 | Research | Bloodlines |
| 21:38 | Research | Fletching |
| 21:48 | Build | Archery Range |
| 22:19 | Build | Palisade Gate |
| 22:23 | Build | Palisade Wall |
| 22:34 | Build | Palisade Wall |
| 22:37 | Build | Palisade Wall |
| 22:37 | Build | Palisade Wall |
| 22:38 | Build | Palisade Wall |
| 22:40 | Queue | Villager (Male) |
| 22:53 | Build | Palisade Wall |
| 23:13 | Age | Castle Age |
| 23:16 | Research | Husbandry |
| 23:17 | Queue | Cavalry Archer |
| 23:17 | Queue | Cavalry Archer |
Build order — Monkey Boy
First 150 of 268 actions detected
| 0:02 | Queue | Villager (Male) |
| 0:02 | Queue | Villager (Male) |
| 0:03 | Build | House |
| 0:04 | Build | House |
| 0:15 | Queue | Villager (Male) |
| 0:15 | Queue | Villager (Male) |
| 1:40 | Queue | Villager (Male) |
| 2:00 | Queue | Villager (Male) |
| 2:08 | Build | Lumber Camp |
| 2:13 | Queue | Villager (Male) |
| 2:48 | Queue | Villager (Male) |
| 2:49 | Queue | Villager (Male) |
| 3:05 | Queue | Villager (Male) |
| 3:37 | Queue | Villager (Male) |
| 3:52 | Build | House |
| 3:54 | Build | House |
| 3:58 | Queue | Villager (Male) |
| 3:58 | Queue | Villager (Male) |
| 4:34 | Queue | Villager (Male) |
| 5:04 | Queue | Villager (Male) |
| 5:05 | Build | Palisade Wall |
| 5:27 | Build | Mill |
| 5:30 | Research | Loom |
| 6:03 | Research | Feudal Age |
| 7:08 | Build | Barracks |
| 7:21 | Build | Palisade Wall |
| 7:26 | Build | Palisade Wall |
| 7:29 | Build | Palisade Wall |
| 7:39 | Build | Palisade Wall |
| 7:44 | Build | House |
| 8:02 | Queue | Villager (Male) |
| 8:19 | Build | Palisade Wall |
| 8:20 | Build | Palisade Wall |
| 8:21 | Build | Palisade Wall |
| 8:25 | Build | Palisade Wall |
| 8:26 | Build | Palisade Wall |
| 8:27 | Age | Feudal Age |
| 8:30 | Queue | Villager (Male) |
| 8:36 | Queue | Villager (Male) |
| 8:53 | Build | Stable |
| 8:55 | Queue | Villager (Male) |
| 9:03 | Queue | Villager (Male) |
| 9:20 | Queue | Villager (Male) |
| 9:30 | Queue | Scout Cavalry |
| 9:44 | Queue | Scout Cavalry |
| 9:44 | Queue | Villager (Male) |
| 9:46 | Research | Double-Bit Axe |
| 9:59 | Build | Palisade Wall |
| 10:04 | Build | Farm |
| 10:09 | Queue | Scout Cavalry |
| 10:32 | Build | Farm |
| 10:32 | Build | Farm |
| 10:32 | Build | Farm |
| 10:32 | Build | Farm |
| 10:52 | Build | House |
| 10:54 | Build | Palisade Wall |
| 11:11 | Queue | Villager (Male) |
| 11:27 | Queue | Villager (Male) |
| 11:31 | Queue | Villager (Male) |
| 11:34 | Build | Farm |
| 11:34 | Build | Farm |
| 11:38 | Build | Farm |
| 11:50 | Build | House |
| 11:53 | Build | Palisade Wall |
| 11:54 | Queue | Villager (Male) |
| 11:56 | Build | Farm |
| 12:09 | Research | Horse Collar |
| 12:25 | Queue | Villager (Male) |
| 12:26 | Queue | Villager (Male) |
| 12:49 | Build | Watch Tower |
| 12:53 | Build | Farm |
| 12:55 | Queue | Villager (Male) |
| 12:58 | Build | House |
| 12:59 | Build | Palisade Wall |
| 13:06 | Queue | Villager (Male) |
| 13:17 | Queue | Villager (Male) |
| 13:26 | Build | Farm |
| 13:28 | Build | Farm |
| 13:41 | Build | Farm |
| 13:45 | Build | House |
| 14:22 | Build | Mining Camp |
| 14:24 | Queue | Villager (Male) |
| 14:25 | Queue | Villager (Male) |
| 14:42 | Queue | Spearman |
| 14:48 | Research | Wheelbarrow |
| 15:12 | Build | Farm |
| 15:33 | Build | Lumber Camp |
| 15:38 | Build | House |
| 15:43 | Queue | Spearman |
| 16:11 | Build | House |
| 16:32 | Queue | Villager (Male) |
| 16:36 | Queue | Villager (Male) |
| 17:00 | Build | Palisade Wall |
| 17:19 | Build | Blacksmith |
| 17:23 | Queue | Villager (Male) |
| 17:49 | Research | Castle Age |
| 17:54 | Build | Lumber Camp |
| 18:02 | Research | Bloodlines |
| 18:15 | Queue | Spearman |
| 18:38 | Build | Archery Range |
| 18:45 | Build | House |
| 19:00 | Research | Fletching |
| 19:12 | Build | Stone Wall |
| 19:19 | Build | House |
| 19:33 | Build | Archery Range |
| 19:35 | Research | Padded Archer Armor |
| 19:47 | Build | Mining Camp |
| 19:57 | Research | Scale Barding Armor |
| 20:00 | Queue | Villager (Male) |
| 20:24 | Build | House |
| 20:25 | Build | House |
| 20:29 | Age | Castle Age |
| 20:34 | Queue | Knight |
| 20:35 | Queue | Cavalry Archer |
| 20:36 | Queue | Cavalry Archer |
| 20:36 | Queue | Villager (Male) |
| 20:40 | Build | Siege Workshop |
| 21:03 | Queue | Villager (Male) |
| 21:05 | Queue | Knight |
| 21:30 | Queue | Mangonel |
| 21:41 | Queue | Cavalry Archer |
| 21:41 | Queue | Cavalry Archer |
| 21:42 | Queue | Villager (Male) |
| 21:50 | Queue | Villager (Male) |
| 22:05 | Queue | Battering Ram |
| 22:09 | Queue | Cavalry Archer |
| 22:09 | Queue | Cavalry Archer |
| 22:10 | Queue | Villager (Male) |
| 22:29 | Queue | Cavalry Archer |
| 22:36 | Queue | Villager (Male) |
| 22:37 | Build | Farm |
| 22:39 | Build | Farm |
| 22:55 | Queue | Knight |
| 23:00 | Build | Farm |
| 23:02 | Build | House |
| 23:10 | Queue | Knight |
| 23:11 | Queue | Cavalry Archer |
| 23:32 | Queue | Cavalry Archer |
| 23:32 | Queue | Cavalry Archer |
| 23:35 | Queue | Villager (Male) |
| 23:51 | Build | Palisade Wall |
| 24:07 | Queue | Villager (Male) |
| 24:27 | Queue | Villager (Male) |
| 24:36 | Queue | Cavalry Archer |
| 24:38 | Build | University |
| 24:52 | Research | Bodkin Arrow |
| 24:58 | Queue | Cavalry Archer |
| 24:58 | Queue | Cavalry Archer |
| 25:14 | Queue | Villager (Male) |
| 25:21 | Queue | Cavalry Archer |
Match timeline
| 0:03 | Dark_aoe · wall_segment Palisade Wall x1 |
| 4:43 | Dark_aoe · first_building Barracks |
| 5:05 | Monkey Boy · wall_segment Palisade Wall x2 |
| 7:08 | Monkey Boy · first_building Barracks |
| 7:21 | Monkey Boy · wall_segment Palisade Wall x1 |
| 7:26 | Monkey Boy · wall_segment Palisade Wall x3 |
| 7:29 | Monkey Boy · wall_segment Palisade Wall x5 |
| 7:39 | Monkey Boy · wall_segment Palisade Wall x1 |
| 8:19 | Monkey Boy · wall_segment Palisade Wall x1 |
| 8:20 | Monkey Boy · wall_segment Palisade Wall x1 |
| 8:21 | Monkey Boy · wall_segment Palisade Wall x1 |
| 8:25 | Monkey Boy · wall_segment Palisade Wall x1 |
| 8:26 | Monkey Boy · wall_segment Palisade Wall x1 |
| 8:27 | Monkey Boy · age_up feudal |
| 8:53 | Monkey Boy · first_building Stable |
| 9:59 | Monkey Boy · wall_segment Palisade Wall x1 |
| 10:06 | Dark_aoe · age_up feudal |
| 10:54 | Monkey Boy · wall_segment Palisade Wall x5 |
| 10:54 | Dark_aoe · first_building Stable |
| 11:04 | Dark_aoe · wall_segment Palisade Wall x1 |
| 11:05 | Dark_aoe · wall_segment Palisade Wall x1 |
| 11:53 | Monkey Boy · wall_segment Palisade Wall x9 |
| 11:54 | Dark_aoe · wall_segment Palisade Wall x1 |
| 11:56 | Dark_aoe · wall_segment Palisade Wall x1 |
| 12:59 | Monkey Boy · wall_segment Palisade Wall x9 |
| 13:53 | Dark_aoe · wall_segment Palisade Wall x1 |
| 13:54 | Dark_aoe · wall_segment Palisade Wall x1 |
| 13:56 | Dark_aoe · wall_segment Palisade Wall x1 |
| 14:08 | Dark_aoe · wall_segment Palisade Wall x1 |
| 14:09 | Dark_aoe · wall_segment Palisade Wall x1 |
| 14:34 | Dark_aoe · wall_segment Palisade Wall x1 |
| 14:37 | Dark_aoe · wall_segment Palisade Wall x1 |
| 14:38 | Dark_aoe · wall_segment Palisade Wall x1 |
| 15:22 | Dark_aoe · wall_segment Palisade Wall x1 |
| 15:23 | Dark_aoe · wall_segment Palisade Wall x1 |
| 17:00 | Monkey Boy · wall_segment Palisade Wall x1 |
| 17:43 | Dark_aoe · wall_segment Palisade Wall x1 |
| 17:46 | Dark_aoe · wall_segment Palisade Wall x1 |
| 18:38 | Monkey Boy · first_building Archery Range |
| 19:12 | Monkey Boy · wall_segment Stone Wall x5 |
| 19:56 | Dark_aoe · wall_segment Palisade Wall x1 |
| 19:57 | Dark_aoe · wall_segment Palisade Wall x1 |
| 19:57 | Dark_aoe · wall_segment Palisade Wall x1 |
| 19:57 | Dark_aoe · wall_segment Palisade Wall x1 |
| 19:58 | Dark_aoe · wall_segment Palisade Wall x1 |
| 20:09 | Dark_aoe · wall_segment Palisade Wall x1 |
| 20:10 | Dark_aoe · wall_segment Palisade Wall x11 |
| 20:29 | Monkey Boy · age_up castle |
| 20:40 | Monkey Boy · first_building Siege Workshop |
| 20:51 | Dark_aoe · first_building Archery Range |
| 21:19 | Dark_aoe · wall_segment Palisade Wall x1 |
| 21:20 | Dark_aoe · wall_segment Palisade Wall x1 |
| 21:20 | Dark_aoe · wall_segment Palisade Wall x1 |
| 21:21 | Dark_aoe · wall_segment Palisade Wall x1 |
| 21:21 | Dark_aoe · wall_segment Palisade Wall x1 |
| 21:21 | Dark_aoe · wall_segment Palisade Wall x1 |
| 21:22 | Dark_aoe · wall_segment Palisade Wall x1 |
| 22:23 | Dark_aoe · wall_segment Palisade Wall x5 |
| 22:34 | Dark_aoe · wall_segment Palisade Wall x1 |
| 22:37 | Dark_aoe · wall_segment Palisade Wall x1 |
| 22:37 | Dark_aoe · wall_segment Palisade Wall x1 |
| 22:38 | Dark_aoe · wall_segment Palisade Wall x1 |
| 22:53 | Dark_aoe · wall_segment Palisade Wall x3 |
| 23:13 | Dark_aoe · age_up castle |
| 23:51 | Monkey Boy · wall_segment Palisade Wall x1 |
| 24:56 | Dark_aoe · wall_segment Palisade Wall x1 |
| 26:27 | Monkey Boy · first_building Castle |
| 26:43 | Dark_aoe · wall_segment Palisade Wall x1 |
| 28:49 | Monkey Boy · first_market_buy 100 wood |
| 28:49 | Dark_aoe · first_building Monastery |
| 33:23 | Dark_aoe · first_market_buy 100 food |
| 34:48 | Monkey Boy · first_market_sell 500 stone |
| 37:04 | Dark_aoe · wall_segment Stone Wall x18 |
| 38:04 | Dark_aoe · age_up imperial |
| 38:13 | Monkey Boy · resign |
[ AI ANALYSIS · 1 CREDIT ]
What really happened in this match?
Wolo.gg analyzes every decision: build order, eco, micro, common mistakes by bracket. Personalized analysis on WhatsApp or Discord in 30 seconds.
Civ guide
Huns
Perfil
Jugador #1407942